 Dungeon Crawl Stone Soup version 0.31.0-9-g3a7656b989 (webtiles) character file.

Game seed: 16373977057532376091

534 qw the Shooter (level 7, 0/35 HPs)
             Began as a Spriggan Hunter on Feb 2, 2024.
             Succumbed to an orc's poison
             ... on level 4 of the Dungeon.
             The game lasted 00:00:10 (3255 turns).

qw the Shooter (Spriggan Hunter)                    Turns: 3255, Time: 00:00:11

Health: 0/35       AC:  4    Str:  7    XL:     7   Next: 4%
Magic:  8/8        EV: 21    Int: 11    God:
Gold:   948        SH:  0    Dex: 20    Spells: 6/6 levels left

rFire   . . .        a - +0 shortbow
rCold   . . .        (shield currently unavailable)
rNeg    . . .        c - +0 robe
rPois   .            h - +2 hat
rElec   .            (no cloak)
rCorr   .            (gloves unavailable)
SInv    +            (boots unavailable)
Will    +....        g - amulet of the acrobat
Stlth   ++           (no ring)
HPRegen 0.25/turn    (no ring)
MPRegen 0.11/turn

%: acrobat
@: lethally poisoned (0 -> -6), very quick
A: very small, no large weapons, unfitting armour, see invisible, speed 3
a: no special abilities


You were on level 4 of the Dungeon.
You visited 1 branch of the dungeon, and saw 4 of its levels.

You collected 948 gold pieces.


Innate Abilities, Weirdness & Mutations

You are very small and have problems with some larger weapons.
You are too small for most types of armour.
You have supernaturally acute eyesight. (SInv)
You cover ground extremely quickly. (Speed+++)


   Skills:
 - Level 2.1 Fighting
 + Level 6.9 Ranged Weapons
 - Level 6.4 Dodging
 - Level 1.5 Stealth


You had 6 spell levels left.
You didn't know any spells.
Your spell library was empty.

Inventory:

Hand Weapons
 a - a +0 shortbow (weapon)
Armour
 c - a +0 robe (worn)
 h - a +2 hat (worn)
 p - a +2 robe
Jewellery
 g - an amulet of the acrobat (around neck)
Wands
 b - a wand of paralysis (8)
Scrolls
 d - a scroll of enchant armour
 j - a scroll of enchant weapon {unknown}
 k - a scroll of revelation {unknown}
 m - a scroll of immolation {unknown}
 n - a scroll of noise {unknown}
 o - a scroll of vulnerability {unknown}
 q - a scroll of brand weapon {unknown}
 r - 3 scrolls of identify
Potions
 e - a potion of resistance {unknown}
 f - a potion of mutation {unknown}
 i - a potion of heal wounds {unknown}
 l - a potion of cancellation {unknown}
 s - a potion of magic {unknown}

Dungeon Overview and Level Annotations

Branches:
Dungeon (4/15)
 Temple: D:4-7

Altars:
Makhleb
Uskayaw


Message History

The orc is almost dead.
The orc completely misses you. The orc closely misses you.
The orc completely misses you.
You shoot an arrow. The arrow hits the orc.
You kill the orc!
The orc hits you with a +1 dagger of venom.
You are poisoned.
The orc completely misses you.
You shoot an arrow. The arrow completely misses the orc.
You feel sick. The orc hits you but does no damage.
The orc hits you with a +0 hand axe.
You shoot an arrow. The arrow hits the orc.
The orc is severely wounded.
You feel sick.
The orc hits you with a +1 dagger of venom.
You are more poisoned.
The orc hits you with a +0 hand axe.
You shoot an arrow. The arrow barely misses the orc.
You feel sick.
The orc hits you with a +1 dagger of venom.
You are more poisoned.
The orc misses you.
You shoot an arrow. The arrow closely misses the orc.
You feel very sick. The orc barely misses you. The orc completely misses you.
You shoot an arrow.
The arrow hits the orc but does no damage.
The orc is severely wounded.
You feel very sick. The orc completely misses you.
The orc hits you with a +0 hand axe.
You shoot an arrow.
The arrow hits the orc but does no damage.
The orc is severely wounded.
You feel very sick. The orc misses you. The orc completely misses you.
You shoot an arrow. The arrow barely misses the orc.
You feel sick. The orc closely misses you. The orc misses you.
You shoot an arrow. The arrow hits the orc!
You kill the orc!
You die...

#...### ... #......
. #.. #####....#.
.. #..
#####...>...... ..)
#.. #..............
..>.#..
#.###..........
....... #.#
#####<.....
.....)o###.#
#...##. #$..)@..^#
#...### #...)#####
#...# ....... ##.##
####.## #########
#.## ...
#.......###..# ##.
####.#.>.....##.# .
#..........#.##.###
##
#.####.....#.##...#
#.# ##.#..#......)


You could see an orc.

Vanquished Creatures
  Sigmund (D:4)
  A phantom (D:4)
  An orc priest (D:4)
  A bombardier beetle (D:3)
  2 jellies (D:4)
  Natasha (D:2)
  An iguana (D:4)
  An orc wizard (D:4)
  3 adders
  2 dart slugs
  A ribbon worm (D:3)
  7 orcs
  3 bats (D:3)
  6 endoplasms
  2 giant cockroaches
  4 goblins
  3 hobgoblins
  8 jackals
  4 quokkas
  3 frilled lizards
  6 kobolds
  8 rats
69 creatures vanquished.

Notes
Turn   | Place    | Note
-------+----------+-------------------------------------------
     0 | D:1      | qw the Spriggan Hunter began the quest for the Orb.
     0 | D:1      | Reached XP level 1. HP: 10/10 MP: 2/2
     0 | D:1      | 0 ||| qw: Version: 0.3-a-155-g5e7d8dd
     0 | D:1      | 0 ||| qw: Game counter: 1918
     0 | D:1      | 0 ||| qw: Melee chars always use a shield: true
     0 | D:1      | 0 ||| qw: God list: Okawaru
     0 | D:1      | 0 ||| qw: Allow faded altars: false
     0 | D:1      | 0 ||| qw: Do Orc after clearing Dungeon:15 true
     0 | D:1      | 0 ||| qw: Do second Lair branch before Depths: true
     0 | D:1      | 0 ||| qw: Lair rune preference: random
     0 | D:1      | 0 ||| qw: Goals: Normal
     0 | D:1      | 0 ||| PLANNING D:1-11
    55 | D:1      | Reached skill level 3 in Dodging
   223 | D:1      | Reached XP level 2. HP: 14/14 MP: 3/3
   304 | D:1      | Found a faded altar of an unknown god.
   676 | D:1      | 676 ||| UPGRADING to +1 hat.
   681 | D:1      | 681 ||| UPGRADING to amulet of the acrobat.
   686 | D:1      | 686 ||| READING 2 scrolls labelled RANINI YCUR.
   686 | D:1      | 686 ||| IDENTIFYING brown potion
   687 | D:1      | 687 ||| READING scroll of identify.
   687 | D:1      | 687 ||| IDENTIFYING black potion
   688 | D:1      | 688 ||| DROPPING scroll of butterflies.
   689 | D:1      | 689 ||| DROPPING potion of lignification.
   690 | D:1      | 690 ||| DROPPING potion of degeneration.
   849 | D:2      | Reached XP level 3. HP: 18/18 MP: 4/4
  1182 | D:2      | Noticed Natasha
  1187 | D:2      | Killed Natasha
  1444 | D:2      | 1444 ||| READING scroll labelled DEIJOL SY GOEK.
  1445 | D:2      | 1445 ||| READING scroll labelled LOEPOE URIELAEKIUST.
  1445 | D:2      | Identified a scroll of acquirement
  1445 | D:2      | 1445 ||| ACQUIRING 701 gold pieces
  1445 | D:2      | Acquired 701 gold pieces
  1447 | D:2      | 1447 ||| READING scroll labelled WUPSAUWE PAUTT.
  1448 | D:2      | 1448 ||| DRINKING 2 sapphire potions.
  1449 | D:2      | 1449 ||| DRINKING 2 dark potions.
  1450 | D:2      | 1450 ||| DROPPING potion of invisibility.
  1452 | D:2      | 1452 ||| Stepping ~*~*~tactically~*~*~ (cloud).
  1453 | D:2      | 1453 ||| DRINKING potion of curing.
  1453 | D:2      | 1453 ||| (to cure poison)
  1455 | D:2      | 1455 ||| Stepping ~*~*~tactically~*~*~ (cloud).
  1459 | D:2      | HP: 4/18 [poisoned by you (poison gas)]
  1463 | D:2      | HP: 1/18 [poisoned by you (poison gas)]
  1848 | D:3      | Reached XP level 4. HP: 18/22 MP: 5/5
  2053 | D:3      | 2053 ||| DROPPING scarf of invisibility.
  2054 | D:3      | 2054 ||| READING scroll of identify.
  2054 | D:3      | 2054 ||| IDENTIFYING clear potion
  2055 | D:3      | 2055 ||| READING scroll labelled WUH FURGHIT.
  2055 | D:3      | 2055 ||| ENCHANTING +1 hat.
  2056 | D:3      | 2056 ||| DROPPING potion of attraction.
  2584 | D:4      | Reached XP level 5. HP: 26/26 MP: 6/6
  2866 | D:4      | Noticed Sigmund
  2867 | D:4      | 2867 ||| ZAPPING wand of paralysis (13) at -1,7 (Sigmund;
                  | floor).
  2880 | D:4      | 2880 ||| ZAPPING wand of paralysis (12) at -1,6 (Sigmund;
                  | floor).
  2881 | D:4      | 2881 ||| ZAPPING wand of paralysis (11) at -1,6 (Sigmund;
                  | floor).
  2882 | D:4      | 2882 ||| ZAPPING wand of paralysis (10) at -1,5 (Sigmund;
                  | floor).
  2883 | D:4      | 2883 ||| ZAPPING wand of paralysis (9) at 0,4 (Sigmund;
                  | floor).
  2890 | D:4      | Killed Sigmund
  2891 | D:4      | Reached skill level 6 in Ranged Weapons
  2891 | D:4      | Reached XP level 6. HP: 30/30 MP: 7/7
  3024 | D:4      | Found a hide-covered altar of Uskayaw.
  3094 | D:4      | Reached skill level 6 in Dodging
  3094 | D:4      | Reached XP level 7. HP: 31/35 MP: 8/8
  3112 | D:4      | Found a burning altar of Makhleb.
  3252 | D:4      | HP: 7/35 [orc/+0 hand axe (6)]
  3254 | D:4      | HP: 2/35 [poisoned by an orc]
  3255 | D:4      | Succumbed to an orc's poison

Levels and vault maps discovered:
D:1:      onia_arrival_pentagram, layout_loops_ring,
          shapermc_ecumenical_altar_venn
D:2:      layout_basic, bh_walls_and_bars, uniq_natasha
D:3:      layout_loops_ring, serial_co_window_serial, co_window_paths_b,
          co_window_corner_a, co_window_corner_a, co_window_paths_a,
          co_window_paths_a, co_window_of_opportunity_c, co_window_broadway_c,
          co_window_corner_ca, co_window_2corner, co_window_of_opportunity_b,
          co_window_2corner, co_window_broadway_c, co_window_4corner_a,
          glass_columns_a, glass_columns_b, glass_columns_b, glass_columns_a
D:4:      layout_loops_cross, mainiacjoe_overflow_alcove_2,
          overflow_temple_1_default, kennysheep_mini, feat_on_display,
          uniq_sigmund

Skill      XL: |  1  2  3  4  5  6 |
---------------+-------------------+-----
Dodging        | 3 4 5 6 |  6.4
Ranged Weapons | 5 6 |  6.9
Fighting       | 2 |  2.1
Stealth        | |  1.5

Action                     |  1- 3 |  4- 6 |  7- 9 || total
---------------------------+-------+-------+-------++-------
   Fire: Shortbow          |    94 |   111 |    23 ||   228
  Evoke: Wand              |       |     5 |       ||     5
    Use: Scroll            |     5 |     2 |       ||     7
         Potion            |     3 |       |       ||     3
 Armour: Robe              |     7 |    19 |    10 ||    36
  Dodge: Dodged            |    30 |    40 |    22 ||    92

Table legend:
 A = Non-vault XP
 B = Vault XP
 C = Vault XP percentage of total XP
 D = Non-vault monster count
 E = Vault monster count
 F = Vault count percentage of total count
                 A         B        C        D         E       F
            +---------+---------+-------+---------+---------+-------
      Total |     499 |     267 |  34.9 |      67 |       2 |   2.9
            +---------+---------+-------+---------+---------+-------
        D:1 |      35 |       0 |   0.0 |      20 |       0 |   0.0
        D:2 |      11 |      36 |  76.6 |       7 |       1 |  12.5
        D:3 |      83 |       0 |   0.0 |      17 |       0 |   0.0
        D:4 |     370 |     231 |  38.4 |      23 |       1 |   4.2
            +---------+---------+-------+---------+---------+-------
